 Dungeon Crawl Stone Soup version 0.28-b1-25-g9875b3fc8c (webtiles) character file.

Game seed: 779467991238440873

5716 chmiii the Basher (level 10, -11/94 HPs)
             Began as a Hill Orc Monk on Jan 31, 2022.
             Was an Elder of Beogh.
             Killed from afar by an acid dragon (29 damage)
             ... with a splash of acid
             ... on level 9 of the Dungeon.
             The game lasted 00:46:41 (10613 turns).

chmiii the Basher (Hill Orc Monk)                  Turns: 10613, Time: 00:46:41

Health: -11/94     AC:  1    Str: 25    XL:     10   Next: 76%
Magic:  15/15      EV: 10    Int: 10    God:    Beogh [****..]
Gold:   574        SH:  0    Dex: 10    Spells: 9/9 levels left

rFire   x . .      SeeInvis .   a - +5 mace of Arrival {vorpal, rPois rN+ Str+6 Dex-3}
rCold   + . .      Faith    .   (no shield)
rNeg    + . .      Spirit   .   l - +0 scale mail
rPois   +          Reflect  .   v - +0 helmet
rElec   .          Harm     .   (no cloak)
rCorr   .          Rampage  .   (no gloves)
Will    .....                   e - +1 pair of boots
Stlth   ..........              (no amulet)
HPRegen 0.25/turn               p - ring of ice
MPRegen 0.14/turn               o - ring of poison resistance

@: about to teleport, corroded
A: no striking features
a: Renounce Religion, Smiting, Recall Orcish Followers


You were on level 9 of the Dungeon.
You worshipped Beogh.
Beogh was greatly pleased with you.
You visited 2 branches of the dungeon, and saw 10 of its levels.

You collected 574 gold pieces.

Inventory:

Hand Weapons
 a - the +5 mace of Arrival (weapon) {vorpal, rPois rN+ Str+6 Dex-3}
   (You found it on level 6 of the Dungeon)

   It inflicts extra damage upon your enemies.
   Str:       It affects your strength (+6).
   Dex:       It affects your dexterity (-3).
   rPois:     It protects you from poison.
   rN:        It protects you from negative energy.
 b - a +0 hunting sling of freezing
 w - a +2 flail of electrocution
 z - the +8 dagger "Wuonos" {elec, rF++ Will+}
   (You found it on level 6 of the Dungeon)

   It occasionally discharges a powerful burst of electricity upon striking a
   foe.
   rF:        It greatly protects you from fire.
   Will:      It increases your willpower.
 E - the +8 woodcutter's axe {vorpal}
   (You took it off a kobold on level 5 of the Dungeon)

   It inflicts extra damage upon your enemies.
Missiles
 g - 110 sling bullets
 s - 9 boomerangs (quivered)
 y - 5 curare-tipped darts
 A - a throwing net
 H - 3 poisoned darts
Armour
 e - a +1 pair of boots (worn)
 l - a +0 scale mail (worn)
 v - a +0 helmet (worn)
Jewellery
 o - a ring of poison resistance (right hand)
 p - a ring of ice (left hand)
 t - a ring of wizardry
 D - a +6 ring of intelligence
Wands
 j - a wand of flame (29)
 k - a wand of iceblast (8)
Scrolls
 d - a scroll of teleportation
 f - a scroll of brand weapon
 i - 2 scrolls of fear
 r - 4 scrolls of torment
 x - a scroll of amnesia
 C - a scroll of blinking
 K - a scroll of identify
Potions
 c - 2 potions of cancellation
 h - a potion of might
 m - a potion of attraction
 n - 4 potions of flight {unknown}
 q - 2 potions of degeneration {unknown}
 u - 2 potions of mutation {unknown}
 B - 4 potions of curing {unknown}
 F - a potion of haste {unknown}
 G - a potion of brilliance
 I - 4 potions of ambrosia


   Skills:
 + Level 10.9 Fighting
 * Level 13.5 Maces & Flails
 - Level 2.4 Dodging
 - Level 1.5 Stealth
 + Level 6.9 Invocations


You had 9 spell levels left.
You didn't know any spells.
Your spell library contained the following spells:

 Spells                   Type           Power      Damage    Failure   Level
 Summon Small Mammal      Summ           0%         N/A       67%         1
 Call Canine Familiar     Summ           0%         N/A       95%         3
 Gell's Gravitas          Tloc           0%         N/A       95%         3
 Ozocubu's Armour         Ice            0%         N/A       95%         3
 Summon Guardian Golem    Hex/Summ       0%         N/A       95%         3
 Teleport Other           Tloc           0%         N/A       95%         3
 Blade Hands              Tmut           0%         N/A       100%        5
 Irradiate                Conj/Tmut      0%         3d13      100%        5
 Dispersal                Tloc           0%         N/A       100%        6
 Dragon Form              Tmut           0%         N/A       100%        7
 Ozocubu's Refrigeration  Ice            0%         4d5       100%        7


Dungeon Overview and Level Annotations

Branches:
Dungeon (9/15)             Temple (1/1) D:6            Lair (0/6) D:8
    Orc: D:9-12

Altars:
Ashenzari
Cheibriados
Elyvilon
Fedhas
Gozag
Hepliaklqana
Kikubaaqudgha
Makhleb
Okawaru
Qazlal
Ru
Sif Muna
Trog
Uskayaw
Vehumet
Wu Jian
Xom
Yredelemnul
Zin
The Shining One

Annotations:
D:7 exclusion: downstairs


Message History

You are too injured to fight recklessly!
Unknown command.
You closely miss the centaur.
The centaur is almost dead.
The centaur hits you. The centaur kicks you.
You hit the centaur.
The centaur is almost dead.
The centaur barely misses you. x2; The acid dragon bites you!
The acid dragon misses you.
Your orc priest hits the acid dragon with a +0 short sword.
You hit the centaur but do no damage.
The centaur is almost dead.
The centaur hits you.
* * * LOW HITPOINT WARNING * * *
The centaur kicks you.
* * * LOW HITPOINT WARNING * * *
The acid dragon closely misses you. The acid dragon barely misses you.
Your orc priest hits the acid dragon but does no damage.
You barely miss the centaur.
The centaur is almost dead.
The centaur barely misses you. The centaur kicks you.
* * * LOW HITPOINT WARNING * * *
You sock the centaur!
You kill the centaur!
Beogh accepts your kill. The acid dragon bites you.
* * * LOW HITPOINT WARNING * * *
The acid dragon barely misses you.
Your orc priest hits the acid dragon with a +0 short sword.
As you read the scroll of teleportation, it crumbles to dust.
You feel strangely unstable.
The acid dragon barely misses your orc priest.
The acid dragon claws your orc priest but does no damage.
Your orc priest hits the acid dragon but does no damage.
Okay, then.
You hit the acid dragon.
The acid dragon is heavily wounded.
The acid dragon spits acid at you. The splash of acid hits you!!
You die...

#.. #.. #########..
#.......#.. #.......#..
##############.#####.#..
...............# #.#..
......)o..$....# #.#..
.....)D@.......#####.'..
.$..............>....#..
.....................#..
.....................###
.....................#
.....................#
.....................+
.....................#
........#


You could see an acid dragon (catching breath, ally target) and a friendly orc
priest.

Vanquished Creatures
  An ugly thing (D:8)
  A slime creature (D:8)
  Sigmund (D:6)
  A hog (shapeshifter) (D:8)
  A wyvern (D:9)
  2 steam dragons
  Menkaure (D:6)
  5 water moccasins
  A black bear (D:8)
  An ice beast (D:5)
  2 sky beasts (D:7)
  3 necrophages
  An ogre (D:5)
  2 centaurs
  A kobold brigand (D:5)
  3 bullfrogs
  5 scorpions
  A wyvern skeleton (D:7)
  A water moccasin skeleton (D:6)
  A howler monkey (D:6)
  3 wights (D:7)
  The ghost of markar the Digger, a weakling DgEE (D:3)
  An electric eel (D:6)
  4 centaur zombies
  3 jellies
  4 hounds
  2 bullfrog zombies (D:7)
  4 orc priests
  3 iguanas
  3 orc wizards
  Ijyb (D:5)
  2 mummies (D:7)
  A howler monkey zombie (D:7)
  7 gnolls
  A howler monkey skeleton (D:5)
  9 adders
  A shadow imp (D:6)
  An ufetubus (D:6)
  A dart slug (D:4)
  13 orcs
  8 endoplasms
  4 giant cockroaches
  4 goblins
  10 hobgoblins
  8 jackals
  6 quokkas
  9 ball pythons
  9 bats
  5 frilled lizards
  11 kobolds
  11 rats
185 creatures vanquished.

Vanquished Creatures (collateral kills)
  Joseph (D:8)
  Maggie (D:6)
  A jumping spider (shapeshifter) (D:8)
  A yak (D:8)
  A black bear (D:8)
  2 necrophages (D:7)
  A centaur (D:8)
  A kobold brigand (D:8)
  A scorpion (D:7)
  A centaur zombie (D:8)
  4 gnolls
  An orc (D:8)
  5 kobolds
21 creatures vanquished.

Vanquished Creatures (others)
  4 orc priests
  6 orcs
  31 fungi
  22 plants
  5 toadstools (D:4)
  A withered plant (D:7)
69 creatures vanquished.

Grand Total: 275 creatures vanquished

Notes
Turn   | Place    | Note
-------+----------+-------------------------------------------
     0 | D:1      | chmiii the Hill Orc Monk began the quest for the Orb.
     0 | D:1      | Reached XP level 1. HP: 19/19 MP: 1/1
   425 | D:1      | Reached XP level 2. HP: 15/27 MP: 2/2
   744 | D:1      | Reached skill level 4 in Maces & Flails
   963 | D:1      | Reached XP level 3. HP: 32/33 MP: 3/3
  1757 | D:2      | Found a burning altar of Makhleb.
  1901 | D:2      | Reached XP level 4. HP: 41/41 MP: 4/4
  2228 | D:2      | Reached skill level 5 in Maces & Flails
  3090 | D:3      | Reached XP level 5. HP: 39/47 MP: 5/5
  3248 | D:3      | Found a runed translucent gate.
  3443 | D:3      | Reached skill level 5 in Fighting
  3658 | D:3      | Became a worshipper of Beogh the Brigand
  3658 | D:3      | Reached * piety under Beogh
  3658 | D:3      | Reached ** piety under Beogh
  4028 | D:3      | Found a runed translucent gate.
  4030 | D:3      | Found a runed translucent gate.
  4031 | D:3      | Noticed markar's ghost (weakling DgEE)
  4046 | D:3      | Killed markar's ghost
  4047 | D:3      | Reached skill level 6 in Maces & Flails
  4047 | D:3      | Reached XP level 6. HP: 43/56 MP: 6/6
  4147 | D:4      | Noticed a water moccasin
  4167 | D:3      | Killed a water moccasin
  4316 | D:4      | Reached skill level 7 in Maces & Flails
  4327 | D:4      | Reached XP level 7. HP: 57/63 MP: 7/7
  4492 | D:4      | You fall into a shaft and drop 2 floors!
  4492 | D:6      | Found an opulent altar of Gozag.
  4666 | D:6      | Reached skill level 8 in Maces & Flails
  4970 | D:6      | Found a faded altar of an unknown god.
  4970 | D:6      | Found a faded altar of an unknown god.
  4971 | D:6      | Found a hazy altar of Hepliaklqana.
  4973 | D:6      | Found a faded altar of an unknown god.
  5089 | D:6      | Identified the +5 mace of Arrival {vorpal, rPois rN+ Str+6
                  | Dex-3}
  5167 | D:6      | Noticed a steam dragon
  5190 | D:6      | Found a staircase to the Ecumenical Temple.
  5190 | D:6      | Noticed Menkaure
  5199 | D:6      | Killed Menkaure
  5200 | D:6      | Reached XP level 8. HP: 40/73 MP: 8/8
  5201 | D:6      | Identified the +8 dagger "Wuonos" {elec, rF++ Will+}
  5204 | Temple   | Entered the Ecumenical Temple
  5392 | D:6      | Reached skill level 9 in Maces & Flails
  5653 | D:5      | Entered Level 5 of the Dungeon
  5943 | D:5      | Reached skill level 10 in Maces & Flails
  6153 | D:5      | Reached *** piety under Beogh
  6154 | D:5      | Reached XP level 9. HP: 71/82 MP: 9/9
  6508 | D:4      | Found a shimmering altar of Xom.
  6792 | D:5      | Noticed Ijyb
  6796 | D:5      | Killed Ijyb
  7317 | D:6      | Noticed Sigmund
  7330 | D:6      | Killed Sigmund
  7331 | D:6      | Reached skill level 11 in Maces & Flails
  7331 | D:6      | Reached skill level 1 in Invocations
  7334 | D:6      | Noticed Maggie
  7340 | D:6      | Killed Maggie
  8411 | D:7      | Reached skill level 12 in Maces & Flails
  8560 | D:7      | Gained Arbolt as an ally
  8686 | D:8      | Reached **** piety under Beogh
  8697 | D:8      | Reached XP level 10. HP: 63/93 MP: 13/13
  8707 | D:8      | Your ally Arbolt died
  8710 | D:8      | Reached skill level 10 in Fighting
  8710 | D:8      | Reached skill level 5 in Invocations
  9110 | D:8      | Gained Ugbert as an ally
  9136 | D:8      | Found a staircase to the Lair.
  9141 | D:8      | Noticed Joseph
  9148 | D:8      | Killed Joseph
  9429 | D:8      | Found an ornate altar of the Wu Jian Council.
  9439 | D:8      | Found a burning altar of Makhleb.
  9672 | D:8      | Noticed a purple ugly thing
  9679 | D:8      | Gained Learuk as an ally
  9680 | D:8      | Reached skill level 13 in Maces & Flails
  9684 | D:8      | Killed a purple ugly thing
  9703 | D:8      | Your ally Ugbert died
  9718 | D:8      | Noticed a cyclops
  9722 | D:8      | Your ally Learuk died
 10613 | D:9      | Killed from afar by an acid dragon

Illustrated notes

Levels and vault maps discovered:
D:1:      mrwooster_arrival_statue, layout_loops_ring, minmay_ruptured
D:2:      layout_loops_ring, serial_co_window_serial, co_window_corner_a,
          co_window_corner_a, co_window_corner_a, co_window_corner_a,
          co_window_corner_a, co_window_of_opportunity_b, co_window_broadway_b,
          co_window_corner_b, co_window_2corner, co_window_4corner_a,
          glass_columns_b, glass_columns_a, glass_columns_a, glass_columns_a,
          glass_columns_a, basic_altar
D:3:      layout_basic, ebering_ghost_rock_garden
D:4:      layout_rooms, dk_xom_monty_hall, nrook_mini_backslash,
          grunt_ministairs_10, minmay_gold_behind_fungi,
          hangedman_minor_gate_pass
D:5:      layout_basic, uniq_ijyb
D:6:      layout_loops_ring, nicolae_hepliaklqana_ecumenical_no_more,
          mainiacjoe_overflow_six_doors_small, minmay_temple_entry_offerings,
          serial_bayou, serial_bayou_pond_d, serial_bayou_pond_c,
          serial_bayou_pond_e, serial_bayou_ford_a, serial_bayou_pond_d,
          hangedman_decor_peaks_small, minmay_hedge_maze, minmay_misc_feat_rows,
          uniq_maggie, uniq_sigmund, uniq_menkaure
D:7:      layout_rooms, serial_undead, serial_undead_b, serial_undead_e,
          serial_undead_a, serial_undead_c, serial_undead_b, serial_undead_d,
          serial_undead_c, serial_undead_a, serial_undead_c, serial_undead_b,
          minmay_misc_feat_ornament
D:8:      minmay_blocky_corners, layout_gridville,
          mainiacjoe_overflow_catwalk_spiral, grunt_temple_overflow_open,
          due_lair_maze_entry_diamond, uniq_joseph, uniq_grum
D:9:      layout_stronghold
Temple:   nicolae_temple_no_exploring_needed

Skill      XL: |  1  2  3  4  5  6  7  8  9 10 |
---------------+-------------------------------+-----
Fighting       | 4 5 6 7 8 9 10 | 10.9
Maces & Flails | 4 5 6 7 8 10 12 13 | 13.5
Invocations    | 4 6 |  6.9
Dodging        | |  2.4
Stealth        | |  1.5

Action                   |  1- 3 |  4- 6 |  7- 9 | 10-12 || total
-------------------------+-------+-------+-------+-------++-------
Melee: Mace              |   140 |   141 |   184 |   104 ||   569
       Punch             |     2 |     2 |     2 |     2 ||     8
       Flail             |       |    50 |    67 |       ||   117
 Fire: Hunting sling     |       |     7 |    13 |     2 ||    22
Throw: Boomerang         |       |       |     3 |       ||     3
Invok: Convert to Beogh  |       |     1 |       |       ||     1
       Smiting           |       |       |     1 |     3 ||     4
Evoke: Wand              |       |       |     1 |       ||     1
  Use: Scroll            |       |       |     7 |    10 ||    17
 Stab: Sleeping          |     2 |       |       |       ||     2
Armor: Robe              |     9 |       |       |       ||     9
       Leather armour    |    34 |     7 |       |       ||    41
       Scale mail        |       |    90 |    94 |    39 ||   223
Dodge: Dodged            |   138 |   126 |   122 |    63 ||   449
